 Dungeon Crawl Stone Soup version 0.31-a0-1074-g0b22e4e0f1 (webtiles) character file.

Game seed: 14266259370506237856

31 sammy202020 the Shield-Bearer (level 3, 0/23 HPs)
             Began as a Gargoyle Fighter on Nov 26, 2023.
             Slain by Jessica
             ... wielding a +0 club
              (5 damage)
             ... on level 2 of the Dungeon.
             The game lasted 00:00:47 (559 turns).

sammy202020 the Shield-Bearer (Gargoyle Fighter)     Turns: 559, Time: 00:00:48

Health: 0/23       AC: 10    Str: 19    XL:     3   Next: 22%
Magic:  3/3        EV:  9    Int: 10    God:
Gold:   57         SH:  4    Dex:  9    Spells: 2/2 levels left

rFire   . . .        a - +0 flail
rCold   . . .        c - +0 buckler
rNeg    + . .        b - +0 scale mail
rPois   ∞            (no helmet)
rElec   +            (no cloak)
rCorr   .            (no gloves)
SInv    .            (no boots)
Will    .....        e - amulet of magic regeneration Stlth
                     (no ring)
HPRegen 0.23/turn    (no ring)
MPRegen 0.48/turn

%: no passive effects
@: no status effects
A: sickness immunity, AC +3, negative energy resistance 1, electricity
resistance, torment resistance 1, petrification resistance
a: no special abilities


You were on level 2 of the Dungeon.
You visited 1 branch of the dungeon, and saw 2 of its levels.

You collected 57 gold pieces.

Inventory:

Hand Weapons
 a - a +0 flail (weapon)
Armour
 b - a +0 scale mail (worn)
 c - a +0 buckler (worn)
Jewellery
 e - an amulet of magic regeneration (around neck)
Scrolls
 f - a scroll of teleportation
 g - a scroll of immolation
Potions
 d - a potion of might
 h - a potion of cancellation {unknown}
 i - a potion of haste {unknown}
 j - a potion of lignification {unknown}


   Skills:
 * Level 3.5 Fighting
 * Level 2.3 Maces & Flails
 * Level 3.6 Armour
 + Level 0.6 Dodging
 * Level 3.6 Shields


You had 2 spell levels left.
You didn't know any spells.
Your spell library was empty.

Dungeon Overview and Level Annotations

Branches:
Dungeon (2/15)

Altars:

Annotations:
D:2 Jessica


Innate Abilities, Weirdness & Mutations

You are immune to sickness and miasma.
Your stone body is resilient. (AC +3)
You are immune to poison.
You resist negative energy. (rN+)
You are resistant to electric shocks. (rElec)
You are resistant to unholy torment.
You are immune to petrification.


Message History

You closely miss Jessica.
Jessica is heavily wounded.
You block Jessica's attack. The kobold hits you but does no damage.
The hobgoblin hits you but does no damage.
You block Jessica's attack. The kobold hits you but does no damage.
The hobgoblin barely misses you.
You barely miss Jessica.
Jessica is heavily wounded.
Jessica hits you with a +0 club. x2; The kobold hits you with a +0 whip.
The hobgoblin barely misses you.
You are too injured to fight recklessly!
You are too injured to fight recklessly!
You are too injured to fight recklessly!
You are too injured to fight recklessly!
You are too injured to fight recklessly!
You are too injured to fight recklessly!
You are too injured to fight recklessly!
You are too injured to fight recklessly!
You are too injured to fight recklessly!
You are too injured to fight recklessly!
You are too injured to fight recklessly!
You are too injured to fight recklessly!
You are too injured to fight recklessly!
You are too injured to fight recklessly!
You are too injured to fight recklessly!
You are too injured to fight recklessly!
You are too injured to fight recklessly!
You are too injured to fight recklessly!
You are too injured to fight recklessly!
You are too injured to fight recklessly!
You are too injured to fight recklessly!
You are too injured to fight recklessly!
You are too injured to fight recklessly!
You are too injured to fight recklessly!
Unknown command.
Jessica attacks as she pursues you! Jessica closely misses you.
Jessica hits you with a +0 club.
* * * LOW HITPOINT WARNING * * *
Jessica attacks as she pursues you! Jessica hits you with a +0 club.
You die...

..#####..
.........
........$
........# #####
.....?... ....###
....$..J# .#.....
.?.....S##.#.....
#....#.g....####
#......K@@.......
........#........
#.>.....#........
#.......#).......
.......##........
..........#######
........#......##
...............##
............>..#
#####


You could see Jessica (fast), an endoplasm, a hobgoblin, a ball python and a
kobold.

Vanquished Creatures
  An adder (D:2)
  2 dart slugs
  2 ball pythons (D:1)
  3 endoplasms
  A giant cockroach (D:1)
  A goblin (D:1)
  A hobgoblin (D:1)
  2 bats
  2 frilled lizards
  2 kobolds
  A rat (D:1)
18 creatures vanquished.

Notes
Turn   | Place    | Note
-------+----------+-------------------------------------------
     0 | D:1      | sammy202020 the Gargoyle Fighter began the quest for the
                  | Orb.
     0 | D:1      | Reached XP level 1. HP: 14/14 MP: 1/1
   176 | D:1      | Reached XP level 2. HP: 19/19 MP: 2/2
   482 | D:2      | Reached XP level 3. HP: 20/23 MP: 3/3
   549 | D:2      | Noticed Jessica
   559 | D:2      | Slain by Jessica

Illustrated notes

Levels and vault maps discovered:
D:1:      minmay_arrival_solitary_statue, layout_rooms
D:2:      layout_rooms, corexii_shack, uniq_crazy_yiuf_cottage, uniq_jessica,
          uniq_natasha

Action                     || total
---------------------------++-------
  Melee: Flail             ||    64
    Use: Scroll            ||     2
 Armour: Scale mail        ||    60
  Dodge: Dodged            ||    40
  Block: Buckler           ||    14

Table legend: (Time is in decaauts)
 A = Elapsed time spent in this place.
 B = Non-inter-level travel time spent in this place.
 C = Inter-level travel time spent in this place.
 D = Time resting spent in this place.
 E = Time spent auto-exploring this place.
 F = Levels seen in this place.
 G = Mean time per level.
                   A        B        C        D        E       F      G
               +--------+--------+--------+--------+--------+-----+--------+
         Total |    580 |    560 |     20 |      0 |    403 |   2 |  290.0 |
       Dungeon |    580 |    560 |     20 |      0 |    403 |   2 |  290.0 |
               +--------+--------+--------+--------+--------+-----+--------+

Top non-repeatable levels by time:
     D:1: 486 daAuts
     D:2: 94 daAuts
